 Dungeon Crawl Stone Soup version 0.22.1-1-ga44c0e5 (webtiles) character file.

58 Fang the Skirmisher (level 4, -3/43 HPs)
             Began as a Gargoyle Berserker on Oct 2, 2018.
             Was a Believer of Trog.
             Slain by a gnoll
             ... wielding a +0 spear
              (4 damage)
             ... on level 2 of the Dungeon.
             The game lasted 00:01:48 (1079 turns).

Fang the Skirmisher (Gargoyle Berserker)            Turns: 1079, Time: 00:01:48

Health: -3/43      AC:  5    Str: 26    XL:     4   Next: 2%
Magic:  4/4        EV: 12    Int:  8    God:    Trog [**....]
Gold:   105        SH:  0    Dex:  9    Spells: 3/3 levels left

rFire    + . .     SeeInvis .   a - +0 hand axe
rCold    + . .     Gourm    .   (no shield)
rNeg     + . .     Faith    .   b - +0 animal skin
rPois    ∞         Spirit   .   (no helmet)
rElec    +         Reflect  .   f - scarf {rC+ rF+}
rCorr    .         Harm     .   (no gloves)
MR       .....                  (no boots)
Stlth    ..........             i - amulet of regeneration
HPRegen  0.14/turn              (no ring)
MPRegen  0.09/turn              (no ring)

@: berserking, very quick
A: negative energy resistance 1, electricity resistance, unbreathing,
petrification resistance, rot immunity, AC +3
a: Berserk, Trog's Hand, Renounce Religion


You were on level 2 of the Dungeon.
You worshipped Trog.
Trog was pleased with you.
You were not hungry.

You visited 1 branch of the dungeon, and saw 2 of its levels.

You collected 105 gold pieces.

Inventory:

Hand Weapons
 a - a +0 hand axe (weapon)
Armour
 b - a +0 animal skin (worn)
 f - a scarf of resistance (worn)
Jewellery
 i - an amulet of regeneration (around neck)
Scrolls
 e - a scroll of immolation {unknown}
 l - 2 scrolls of identify {unknown}
 m - a scroll of teleportation {unknown}
Potions
 d - a potion of brilliance {unknown}
 g - a potion of haste {unknown}
 h - a potion of mutation {unknown}
 j - a potion of cancellation {unknown}
 k - a potion of resistance {unknown}
Comestibles
 c - 4 rations
 n - 2 chunks of flesh


   Skills:
 + Level 4.1 Fighting
 + Level 3.4 Axes
 + Level 2.4 Armour
 + Level 1.8 Dodging
 + Level 0.2 Stealth


You had 3 spell levels left.
You didn't know any spells.
Your spell library was empty.

Dungeon Overview and Level Annotations

Branches:
Dungeon (2/15)

Altars:


Innate Abilities, Weirdness & Mutations

You are resistant to torment.
Your stone body is resilient. (AC +3)
You are immune to poison.
You resist negative energy. (rN+)
You are resistant to electric shocks. (rElec)
You can survive without breathing.
You are immune to petrification.
You are immune to rotting.


Message History

You are too injured to fight recklessly!
A red film seems to cover your vision as you go berserk!
You feel yourself moving faster!
You feel mighty!
You feel a lot more hungry. The gnoll barely misses you. x2
You closely miss the gnoll.
The gnoll is moderately wounded.
The gnoll hits you from afar with a halberd!
* * * LOW HITPOINT WARNING * * *
The gnoll closely misses you.
You slash the gnoll!
You kill the gnoll!
Trog accepts your kill.
Your Fighting skill increases to level 4!
You have reached level 4!
You feel clever. The gnoll hits you with a halberd.
* * * LOW HITPOINT WARNING * * *
You barely miss the gnoll.
The gnoll hits you from afar with a spear.
You die...

..#
#......####....####.#
..#
#...................#
..####
#......##############
#....# #......# #....#
#......# #....#
#......######## #....#
#......'......#
#....####†....######.#
#.......(.......@gg#
#....#############.#
#....# # ###+##


You could see 2 gnolls.

Vanquished Creatures
  A gnoll (D:2)
  An adder (D:2)
  A dart slug (D:1)
  2 leopard geckos
  2 giant cockroaches
  6 goblins (D:1)
  5 hobgoblins
  3 jackals (D:1)
  A ball python (D:1)
  3 bats
  2 frilled lizards
  4 kobolds
  4 rats (D:1)
35 creatures vanquished.

Notes
Turn   | Place    | Note
-------+----------+-------------------------------------------
     0 | D:1      | Fang the Gargoyle Berserker began the quest for the Orb.
     0 | D:1      | Reached XP level 1. HP: 14/14 MP: 1/1
   129 | D:1      | Reached XP level 2. HP: 12/19 MP: 2/2
   573 | D:1      | Reached XP level 3. HP: 24/24 MP: 3/3
   878 | D:2      | Reached ** piety under Trog
  1077 | D:2      | Reached skill level 4 in Fighting
  1077 | D:2      | Reached XP level 4. HP: 4/29 MP: 4/4
  1078 | D:2      | HP: 1/43 [gnoll/halberd (4)]
  1079 | D:2      | Slain by a gnoll

Skill      XL: |  1  2  3 |
---------------+----------+-----
Axes           | 3 |  3.4
Fighting       | 4 |  4.1
Armour         | |  2.4
Dodging        | |  1.8
Stealth        | |  0.2

Action                   |  1- 3 |  4- 6 || total
-------------------------+-------+-------++-------
Melee: Hand axe          |    99 |     1 ||   100
Invok: Berserk           |     2 |       ||     2
  Eat: Chunk             |     2 |       ||     2
Armor: Animal skin       |    31 |       ||    31
Dodge: Dodged            |    70 |       ||    70
